 Dungeon Crawl Stone Soup version 0.23-a0-32-g1388f29 (webtiles) character file.

0 glosham the Skirmisher (level 1, -4/18 HPs)
             Began as a Formicid Berserker on Aug 4, 2018.
             Was a Follower of Trog.
             Slain by a centaur (9 damage)
             ... on level 6 of the Dungeon.
             The game lasted 00:01:10 (20 turns).

glosham the Skirmisher (Formicid Berserker)           Turns: 20, Time: 00:01:11

Health: -4/18      AC:  2    Str: 21    XL:     1   Next: 11%
Magic:  1/1        EV: 12    Int:  6    God:    Trog [*.....]
Gold:   0          SH:  0    Dex: 10    Spells: 0/0 levels left

rFire    . . .     SeeInvis +   a - +0 hand axe
rCold    . . .     Gourm    .   (no shield)
rNeg     . . .     Faith    .   b - +0 animal skin
rPois    .         Spirit   .   (helmet unavailable)
rElec    .         Reflect  .   (no cloak)
rCorr    .         Harm     .   (no gloves)
MR       .....                  (no boots)
Stlth    +.........             (no amulet)
HPRegen  0.06/turn              (no ring)
MPRegen  0.07/turn              (no ring)

@: no status effects
A: permanent stasis, dig shafts and tunnels, four strong arms, antennae 3
a: Dig, Shaft Self, Renounce Religion


You were on level 6 of the Dungeon.
You worshipped Trog.
Trog was aware of your devotion.
You were not hungry.

You visited 1 branch of the dungeon, and saw 4 of its levels.

Inventory:

Hand Weapons
 a - a +0 hand axe (weapon)
Armour
 b - a +0 animal skin (worn)
Scrolls
 d - a scroll of identify {unknown}
Comestibles
 c - a ration


   Skills:
 * Level 3.3 Fighting
 - Level 3.0 Axes
 - Level 2.1 Armour
 - Level 1.7 Dodging


You couldn't memorise any spells.
You didn't know any spells.
Your spell library was empty.

Dungeon Overview and Level Annotations

Branches:
Dungeon (1/15)

Altars:


Innate Abilities, Weirdness & Mutations

You cannot be hasted, slowed, berserked, paralysed or teleported.
You can dig through walls and to a lower floor.
Your four strong arms can wield two-handed weapons with a shield.
You have a pair of large antennae on your head. (SInv)


Message History

Trog accepts your kill.
Things that are here:
a whip; a kobold corpse Are you sure you want to shaft yourself?
You feel somewhat more hungry. A shaft appears beneath you!
You fall through a shaft for 2 floors!
The shaft crumbles and collapses.
A frilled lizard and a worker ant come into view.
The worker ant twitches its antennae in your direction.
Found a scroll labeled ASIRCH HARCHIN.
You see here 12 gold pieces.
Press: ? - help, v - describe, . - travel, g - get item 12 gold pieces.
The floor.
Are you sure you want to shaft yourself?
You feel somewhat more hungry.
The frilled lizard hisses angrily.
A shaft appears beneath you!
You fall through a shaft for 2 floors!
The shaft crumbles and collapses.
A centaur comes into view.
The centaur shouts!
You hear a shout! x2
Found four items.
Unknown command.
The centaur wields a shortbow.
The centaur shoots an arrow.
The arrow barely misses you.
The centaur shoots an arrow.
The arrow hits you!
A gnoll comes into view. It is wielding a flail.
Found 16 gold pieces.
You see here an arrow.
Unknown command.
The centaur unwields an uncursed shortbow.
The centaur hits you.
A gnoll comes into view. It is wielding a flail.
Unknown command.
Are you sure you want to shaft yourself?
You feel quite a bit more hungry. The centaur hits you!
Ouch! That really hurt!
You die...

≈≈## .....#... ≈
≈≈≈ ......... ≈≈
≈≈##.......
≈≈≈#≈≈#.....#
≈≈≈≈≈#....#
#≈≈#.%.(##
#......##
###........#
#@(......#.#
.$g.g.c......$?#
...#######.......
##....#.. ?##...#
.. .## ... . ..


You could see a centaur and 2 gnolls.

Vanquished Creatures
  A kobold (D:2)
1 creature vanquished.

Notes
Turn   | Place    | Note
-------+----------+-------------------------------------------
     0 | D:1      | glosham the Formicid Berserker began the quest for the Orb.
     0 | D:1      | Reached XP level 1. HP: 18/18 MP: 1/1
     8 | D:1      | You fall through a shaft!
    13 | D:2      | You fall through a shaft for 2 floors!
    13 | D:4      | Noticed a worker ant
    16 | D:4      | You fall through a shaft for 2 floors!
    16 | D:6      | Noticed a centaur
    20 | D:6      | Slain by a centaur

Vault maps used:
D:1:      doesnt_arrival_eight_statues
D:2:      cheibrodos_old_hovel, minivault_24
D:4:      first_ration, minmay_ruined_shrine
D:6:      kennysheep_mini, minivault_4

Action                   || total
-------------------------++-------
Melee: Hand axe          ||     1
 Abil: Shaft Self        ||     4
  Use: Scroll            ||     1
Dodge: Dodged            ||     1

Table legend:
 A = Spawn XP
 B = Non-spawn XP
 C = Spawn XP percentage of total XP
 D = Spawn monster count
 E = Non-spawn monster count
 F = Spawn count percentage of total count
 G = Total turns spent on level
                    A         B        C        D         E        F      G
               +---------+---------+-------+---------+---------+-------+---------
         Total |       0 |       1 |   0.0 |       0 |       1 |   0.0 |    20
               +---------+---------+-------+---------+---------+-------+---------
           D:2 |       0 |       1 |   0.0 |       0 |       1 |   0.0 |     5
               +---------+---------+-------+---------+---------+-------+---------

Table legend:
 A = Turns spent in this place as a percentage of turns spent in the entire game.
 B = Non-inter-level travel turns spent in this place as a percentage of non-inter-level travel turns spent in the entire game.
 C = Inter-level travel turns spent in this place as a percentage of turns spent in this place.
 D = Turns resting spent in this place as a percentage of non-inter-level travel turns spent in this place.
 E = Turns spent auto-exploring this place as a percentage of non-inter-level travel turns spent in this place.
 F = Non-inter-level travel turns spent in this place divided by the number of levels of this place that you've seen.
                   A       B       C       D       E      F
               +-------+-------+-------+-------+-------+----------------------
         Total | 100.0 | 100.0 |   0.0 |   0.0 |   0.0 |   5.0
       Dungeon | 100.0 | 100.0 |   0.0 |   0.0 |   0.0 |   5.0
               +-------+-------+-------+-------+-------+----------------------

Table legend:
 A = Kills in this place as a percentage of kills in entire the game.
 B = Kills by you in this place as a percentage of kills by you in the entire game.
 C = Kills by friends in this place as a percentage of kills by friends in the entire game.
 D = Other kills in this place as a percentage of other kills in the entire game.
 E = Experience gained in this place as a percentage of experience gained in the entire game.
 F = Experience gained in this place divided by the number of levels of this place that you have seen.
                   A       B       C       D       E      F
               +-------+-------+-------+-------+-------+----------------------
         Total | 100.0 | 100.0 |   N/A |   N/A | 100.0 |   0.2
       Dungeon | 100.0 | 100.0 |   N/A |   N/A | 100.0 |   0.2
               +-------+-------+-------+-------+-------+----------------------

Vault maps used:
D:1:      doesnt_arrival_eight_statues
D:2:      cheibrodos_old_hovel, minivault_24
D:4:      first_ration, minmay_ruined_shrine
D:6:      kennysheep_mini, minivault_4
